cohdb
Replays
Latest Replays
All Replays
Popular Replays
Top Player Replays
Match Explorer
How It Works
Community
CoH3 Stats
Reddit
Sign in to upload your games and track your stats! →
Sign in with Steam
Match 46767177
Unlisted
Match 46767177
Overview
Messages
Build Orders
End
Kradschützen Motorcycle Team
Selects Armored Support Battlegroup
Selects Armored Support Battlegroup
Selects Armored Support Battlegroup
Panzergrenadier Squad
Panzergrenadier Squad
Construct Light Support Kompanie
Fire Support Elements
Selects Salvage Kits
MG34 Team
2.5-tonne Medical Truck
Flakvierling Half-track
Panzerjäger Mechanized Group
Pak 38 Anti-tank Gun Team
Construct Panzerarmee Kommand
Selects Panzer Storm
Selects Veteran Gunners
Tungsten Core Ammunition
Panzer III L Medium Tank
Vehicle Survival Package
Panzer III L Medium Tank
Panzer III L Medium Tank
Advanced Field Repairs
Rapid Advance
Selects Stuka Dive Bomb
Panzer III L Medium Tank
Panzer Storm
Panzer Storm
Panzer III L Medium Tank
Emergency Repair Kits
Scorps
moon
旧时光
Ashur
Jm200092
Vetkynn
roland8510
Pepe87
0
0
Comments
sign in to comment!
No comments posted yet!